 Dungeon Crawl Stone Soup version 0.30.1-4-g462c640d31 (webtiles) character file.

Game seed: 1806042043450768831

91 Graphine the Grave Robber (level 4, -3/30 HPs)
             Began as a Human Necromancer on Sept 8, 2023.
             Killed by nerve-wracking pain
             ... invoked by an orc priest
              (13 damage)
             ... on level 4 of the Dungeon.
             The game lasted 00:06:22 (3247 turns).

Graphine the Grave Robber (Human Necromancer)       Turns: 3247, Time: 00:06:24

Health: -3/30      AC: 17    Str: 11    XL:     4   Next: 88%
Magic:  8/8        EV:  6    Int: 15    God:
Gold:   212        SH:  0    Dex: 13    Spells: 7/8 levels left

rFire   . . .        m - +0 mace (spect)
rCold   + . .        (no shield)
rNeg    . . .        l - +6 chain mail {rC+}
rPois   .            r - +0 hat
rElec   .            (no cloak)
rCorr   .            n - +2 pair of gloves
SInv    .            (no boots)
Will    .....        (no amulet) Stlth
                     (no ring)
HPRegen 0.25/turn    (no ring)
MPRegen 0.11/turn

%: no passive effects
@: no status effects
A: no striking features
a: no special abilities


You were on level 4 of the Dungeon.
You visited 1 branch of the dungeon, and saw 4 of its levels.

You collected 212 gold pieces.

Inventory:

Hand Weapons
 j - a +0 dagger
 m - a +0 spectral mace (weapon)
Armour
 l - a +6 chain mail of cold resistance (worn)
 n - a +2 pair of gloves (worn)
 r - a +0 hat (worn)
Jewellery
 i - an amulet of faith
Scrolls
 e - a scroll of brand weapon
 f - a scroll of immolation
 k - a scroll of magic mapping
 q - a scroll of poison
Potions
 a - a potion of flight {unknown}
 b - a potion of magic
 c - a potion of ambrosia
 d - 2 potions of curing {unknown}
 g - a potion of resistance {unknown}
 h - a potion of degeneration {unknown}
 o - a potion of heal wounds {unknown}


   Skills:
 + Level 1.5 Maces & Flails
 + Level 2.9 Dodging
 - Level 2.0 Stealth
 + Level 2.8 Spellcasting
 + Level 4.5 Necromancy


You had 7 spell levels left.
You knew the following spells:

 Your Spells              Type           Power      Damage    Failure   Level
a - Necrotise             Necr           60%        1d7       75%         1

Your spell library contained the following spells:

 Spells                   Type           Power      Damage    Failure   Level
 Vampiric Draining        Necr           15%        2d7       98%         3
 Apportation              Tloc           4%         N/A       100%        1
 Summon Small Mammal      Summ           8%         N/A       100%        1
 Animate Dead             Necr           15%        N/A       100%        4
 Agony                    Necr           15%        N/A       100%        5


Dungeon Overview and Level Annotations

Branches:
Dungeon (4/15)
 Temple: D:4-7

Altars:
Hepliaklqana

Shops:
D:1 ?


Message History

Your spectral weapon shares its damage with you!
The orc hits you but does no damage.
You hit the orc priest.
The orc priest is severely wounded.
Your +0 spectral mace hits the orc priest.
The orc priest hits you but does no damage.
The goblin hits your +0 spectral mace but does no damage.
The orc hits you but does no damage. x2; The orc priest barely misses you.
You hit the orc priest but do no damage.
The orc priest is almost dead.
The orc priest hits you but does no damage.
The goblin hits you but does no damage. The orc hits you but does no damage.
You closely miss the orc priest.
The orc priest is almost dead.
The orc priest hits you but does no damage.
The goblin hits you but does no damage. The goblin attacks as you move away!
The goblin hits you with a +0 club.
* * * LOW HITPOINT WARNING * * *
The goblin attacks as you move away! The goblin hits you but does no damage.
You closely miss the goblin.
Your +0 spectral mace hits the goblin.
You kill the goblin!
The orc priest casts a cantrip, but nothing happens.
The orc hits you but does no damage.
The orc barely misses your +0 spectral mace.
You closely miss the orc.
Your +0 spectral mace barely misses the orc.
The orc hits you but does no damage.
The orc completely misses your +0 spectral mace.
You hit the orc.
The orc is severely wounded.
Your +0 spectral mace barely misses the orc.
The orc hits your +0 spectral mace but does no damage.
The orc barely misses you.
You hit the orc.
The orc is almost dead.
Your +0 spectral mace hits the orc!
You kill the orc!
The orc priest calls down the wrath of Beogh upon you.
Pain shoots through your body!
You die...

######
###......
#@(......
#o#......
####o###.####
#(..........#
#.##.##...#.
#.#...)...#.#
#....!.)....#
##......#.....
###.#....#
....


You could see an orc priest, an orc and a friendly +0 spectral mace.

Vanquished Creatures
  3 adders
  5 worms
  3 orcs (D:4)
  3 endoplasms (D:2)
  2 giant cockroaches (D:1)
  8 goblins
  4 hobgoblins
  4 kobolds
  2 quokkas
  5 ball pythons
  2 bats (D:1)
  4 frilled lizards
  2 rats
47 creatures vanquished.

Vanquished Creatures (collateral kills)
  An endoplasm (D:1)
  2 rats (D:1)
3 creatures vanquished.

Grand Total: 50 creatures vanquished

Notes
Turn   | Place    | Note
-------+----------+-------------------------------------------
     0 | D:1      | Graphine the Human Necromancer began the quest for the Orb.
     0 | D:1      | Reached XP level 1. HP: 13/13 MP: 3/3
    52 | D:1      | Found Palynul's Magic Scroll Shop.
   131 | D:1      | Reached XP level 2. HP: 19/19 MP: 3/5
   977 | D:1      | Identified a scroll of acquirement
   977 | D:1      | Acquired a +4 chain mail of cold resistance
  1019 | D:2      | Reached XP level 3. HP: 19/24 MP: 6/6
  1196 | D:2      | Found a hazy altar of Hepliaklqana.
  1342 | D:2      | Reached skill level 1 in Maces & Flails
  1342 | D:2      | Reached XP level 4. HP: 21/30 MP: 7/7
  1750 | D:2      | Found the +8 autumn katana {manifold assault}
  3247 | D:4      | Killed from afar by an orc priest

Illustrated notes

Levels and vault maps discovered:
D:1:      eino_arrival_tree_alley, layout_loops_ring, serial_shops, shop
D:2:      layout_basic, basic_altar
D:3:      layout_basic, serial_rivers, chequers_serial_rivers_small_a,
          chequers_serial_rivers_room_a, chequers_serial_rivers_micro_a,
          chequers_serial_rivers_large_a, chequers_serial_rivers_micro_a
D:4:      layout_basic

Skill      XL: |  1  2  3 |
---------------+----------+-----
Maces & Flails | 1 |  1.5
Dodging        | |  2.9
Stealth        | |  2.0
Spellcasting   | |  2.8
Necromancy     | |  4.5

Action                     |  1- 3 |  4- 6 || total
---------------------------+-------+-------++-------
  Melee: Unarmed           |    24 |       ||    24
         Mace              |    64 |   103 ||   167
         Punch             |       |     1 ||     1
   Cast: Necrotise         |    18 |       ||    18
    Use: Scroll            |     6 |     5 ||    11
   Stab: Sleeping          |     1 |       ||     1
 Armour: Robe              |     7 |       ||     7
         Chain mail        |    68 |    88 ||   156
  Dodge: Dodged            |    35 |    25 ||    60
